AoeStats
← Dikkebierbuik

Black Forest

506894451Analyzed
3v3 RM · 16d ago on Sep 15, 2026· 81m 56s· 6 players
Game mode
Random Map
Map size
Normal (6 player)
Population
200
Speed
Normal
Resources
Standard
Victory
Conquest
Starting age
Dark Age
Ending age
Imperial Age
RankedLock teamsTeams togetherTeam positionsShared explorationLock speedFull tech treeHidden civsTurbo modeCheats
Victory
Defeat
🇳🇱 Tupi · Netherlands
839
+14
🇳🇱 Khmer · Netherlands
833
+14
🇳🇱 Spanish · Netherlands
783
+16
🇦🇷 Turks · Argentina
827
-16
🇦🇷 Mongols · Argentina
776
-14
🇹🇼 Portuguese · Taiwan
774
-14
Lucas_lupo
0:27 Loom
11:54 Feudal Age
12:05 Man-at-Arms
13:25 Double-Bit Axe
20:27 Horse Collar
24:46 Castle Age
23:18 Scale Mail Armor
23:44 Fletching
24:03 Padded Archer Armor
26:21 Thumb Ring
27:58 Scale Barding Armor
29:01 Bloodlines
29:28 Husbandry
31:19 Ballistics
32:29 Caravan
37:50 Imperial Age
36:45 Wheelbarrow
37:03 Bodkin Arrow
37:24 Leather Archer Armor
37:20 Long Swordsman
38:34 Chain Mail Armor
38:30 Forging
38:46 Chain Barding Armor
38:51 Squires
41:24 Chemistry
40:50 Heavy Plow
42:20 Bow Saw
42:34 Two-Handed Swordsman
44:23 Champion
49:26 Pikeman
53:56 Bracer
遇見佩特
0:46 Loom
11:06 Feudal Age
15:01 Double-Bit Axe
18:43 Wheelbarrow
25:40 Castle Age
23:30 Horse Collar
25:50 Fishing Lines
28:01 Heavy Plow
30:01 Hand Cart
34:10 Bow Saw
37:22 Imperial Age
35:50 Gold Mining
40:14 Ballistics
40:11 Fortified Wall
40:16 Masonry
39:48 Pikeman
41:38 Stone Mining
41:15 Elite Skirmisher
42:05 Scale Mail Armor
42:20 Arquebus
44:35 Caravan
46:40 Elite Organ Gun
49:03 Onager
50:38 Conscription
54:43 Sappers
57:06 Chemistry
56:12 Siphons
59:38 Two-Man Saw
64:16 Architecture
63:44 Murder Holes
63:55 Siege Engineers
65:38 Gambesons
65:14 Man-at-Arms
Mr Cobb
0:27 Loom
12:29 Feudal Age
15:21 Double-Bit Axe
20:42 Castle Age
20:40 Horse Collar
23:19 Fishing Lines
24:25 Heavy Plow
26:05 Stone Mining
26:28 Bow Saw
29:08 Wheelbarrow
28:19 Town Watch
32:09 Imperial Age
30:39 Gold Mining
30:47 Treadmill Crane
31:18 Fortified Wall
31:02 Gillnets
31:38 Hand Cart
32:05 Gold Shaft Mining
36:31 Two-Man Saw
36:16 Ballistics
35:27 Heavy Camel Rider
36:19 Bloodlines
36:11 Husbandry
37:47 Elite Janissary
38:30 Artillery
38:57 Town Patrol
39:10 Scale Barding Armor
39:16 Forging
39:07 Scale Mail Armor
40:03 Conscription
41:13 Caravan
41:44 Coinage
41:24 Guilds
44:24 Banking
63:36 Chain Barding Armor
63:52 Iron Casting
Dikkebierbuik
13:16 Loom
15:02 Feudal Age
17:51 Horse Collar
17:57 Double-Bit Axe
18:07 Gold Mining
20:21 Castle Age
18:58 Stone Mining
20:58 Wheelbarrow
20:09 Town Watch
21:59 Bow Saw
26:47 Hand Cart
27:06 Heavy Plow
34:42 Imperial Age
33:00 Ballistics
32:46 Padded Archer Armor
32:36 Fletching
34:02 Gold Shaft Mining
33:39 Town Patrol
34:32 Leather Archer Armor
34:12 Bodkin Arrow
34:55 Elite Blackwood Archer
36:41 Curare
37:40 Chemistry
37:37 Ring Archer Armor
38:01 Bracer
67:23 Two-Man Saw
YTxTrippie20
0:33 Loom
12:55 Feudal Age
18:35 Bloodlines
22:51 Castle Age
21:03 Stone Mining
21:15 Horse Collar
21:43 Double-Bit Axe
23:29 Wheelbarrow
24:12 Heavy Plow
24:25 Bow Saw
24:09 Gold Mining
28:05 Fletching
29:33 Husbandry
30:55 Forging
31:02 Scale Barding Armor
34:55 Imperial Age
35:09 Elite Conquistador
36:23 Hand Cart
37:11 Chain Barding Armor
38:36 Iron Casting
38:37 Plate Barding Armor
37:59 Bodkin Arrow
38:04 Padded Archer Armor
37:54 Cavalier
40:29 Two-Man Saw
39:27 Paladin
42:59 Blast Furnace
42:01 Bracer
42:22 Leather Archer Armor
44:15 Scale Mail Armor
45:37 Ballistics
46:19 Chemistry
45:59 Ring Archer Armor
67:52 Caravan
68:24 Coinage
68:05 Guilds
70:53 Banking
Steem0597
0:31 Loom
12:32 Feudal Age
26:13 Castle Age
26:28 Horse Collar
26:38 Double-Bit Axe
27:01 Gold Mining
36:48 Wheelbarrow
35:59 Town Watch
36:40 Heavy Plow
42:55 Imperial Age
41:03 Bow Saw
41:39 Gold Shaft Mining
41:43 Town Patrol
42:09 Hand Cart
43:49 Coinage
43:21 Caravan
43:05 Elite Ballista Elephant
44:48 Chemistry
43:39 Guard Tower
43:59 Careening
45:11 Crop Rotation
46:24 Tusk Swords
47:52 Conscription
47:46 Scale Mail Armor
48:17 Scale Barding Armor
48:13 Padded Archer Armor
51:55 Chain Barding Armor
51:45 Forging
51:50 Chain Mail Armor
51:26 Fletching
54:55 Plate Barding Armor
54:55 Iron Casting
54:36 Leather Archer Armor
59:08 Blast Furnace
58:12 Bodkin Arrow
65:41 Ring Archer Armor
65:12 Bracer
66:24 Hoardings
65:20 Sappers
75:16 Keep
74:37 Murder Holes
74:52 Careening
74:52 Clinker Construction
74:54 Masonry
74:50 Siege Engineers
74:56 Fortified Wall
78:46 Double Crossbow
Connection lost

Rejoining the realm…

Still unreachable

The connection could not be restored.

Session expired

The server has moved on; the page needs a fresh start.